AoeStats
← Rey William

Fortress

509707239Analyzed
3v3 RM · 6d ago on Sep 27, 2026· 47m 13s· 6 players
Game mode
Random Map
Map size
Large (8 player)
Population
200
Speed
Normal
Resources
Standard
Victory
Conquest
Starting age
Dark Age
Ending age
Imperial Age
RankedLock teamsTeams togetherTeam positionsShared explorationLock speedFull tech treeHidden civsTurbo modeCheats
Victory
Defeat
🇦🇷 Danes · Argentina
1101
+16
🇦🇷 Malians · Argentina
1096
+17
🇦🇷 Persians · Argentina
1093
+17
🇨🇷 Lithuanians · Costa Rica
1172
-20
🇳🇱 Saracens · Netherlands
1106
-16
🇩🇪 Hindustanis · Germany
1048
-14
Rey William
7:22 Feudal Age
9:00 Loom
11:41 Castle Age
9:56 Double-Bit Axe
10:22 Horse Collar
12:34 Bow Saw
12:30 Heavy Plow
13:45 Gold Mining
16:02 Stone Mining
17:09 Wheelbarrow
18:14 Caravan
20:40 Town Watch
21:32 Hand Cart
29:39 Imperial Age
28:41 Kamandaran
29:09 Forging
29:05 Scale Barding Armor
28:52 Fletching
30:17 Ballistics
30:57 Chemistry
30:25 Bloodlines
31:41 Crop Rotation
31:50 Gold Shaft Mining
31:54 Stone Shaft Mining
32:44 Conscription
32:25 Elite War Elephant
33:20 Devotion
33:15 Light Cavalry
33:57 Husbandry
34:19 Chain Barding Armor
34:36 Iron Casting
33:57 Bodkin Arrow
34:02 Padded Archer Armor
34:17 Crossbowman
35:10 Thumb Ring
37:25 Blast Furnace
36:27 Padded Archer Armor
37:42 Block Printing
37:38 Fervor
37:55 Faith
41:12 Plate Barding Armor
40:53 Leather Archer Armor
45:09 Murder Holes
45:25 Masonry
franb89
0:43 Loom
6:13 Feudal Age
12:58 Castle Age
11:19 Double-Bit Axe
11:23 Horse Collar
14:09 Squires
13:55 Arson
13:33 Hamask
14:52 Forging
18:33 Wheelbarrow
18:11 Gambesons
20:22 Bow Saw
20:15 Heavy Plow
24:03 Iron Casting
23:29 Scale Mail Armor
28:09 Imperial Age
26:28 Hand Cart
26:54 Chain Mail Armor
28:49 Onager
30:36 Blast Furnace
29:45 Gold Mining
31:33 Chemistry
31:58 Ballistics
32:44 Pikeman
33:41 Siege Onager
34:41 Siege Engineers
35:29 Plate Mail Armor
41:06 Murder Holes
40:51 Elite Jomsviking
43:52 Gold Shaft Mining
44:00 Northmen's Fury
Soaquinnn
1:01 Loom
8:07 Feudal Age
12:50 Castle Age
11:09 Double-Bit Axe
20:55 Wheelbarrow
20:51 Squires
20:37 Arson
21:02 Scale Mail Armor
26:11 Imperial Age
24:46 Forging
26:54 Iron Casting
26:10 Fletching
26:21 Padded Archer Armor
26:37 Town Watch
27:04 Bow Saw
27:57 Pikeman
30:33 Chain Mail Armor
30:50 Horse Collar
32:18 Leather Archer Armor
32:05 Bodkin Arrow
33:14 Hand Cart
34:21 Plate Mail Armor
35:19 Ballistics
36:00 Chemistry
36:32 Elite Gbeto
36:40 Heavy Camel Rider
37:31 Bloodlines
37:21 Husbandry
37:52 Scale Barding Armor
37:51 Heavy Plow
38:16 Fortified Wall
38:40 Ring Archer Armor
38:34 Conscription
Demax
4:48 Loom
7:34 Feudal Age
12:21 Castle Age
10:39 Double-Bit Axe
10:35 Horse Collar
10:46 Gold Mining
10:47 Stone Mining
11:00 Stone Mining
13:59 Heavy Plow
20:30 Wheelbarrow
19:41 Town Watch
22:05 Hand Cart
24:56 Bloodlines
24:58 Forging
24:53 Scale Barding Armor
28:45 Imperial Age
27:22 Bow Saw
28:37 Iron Casting
28:22 Chain Barding Armor
29:07 Chain Barding Armor
28:52 Husbandry
30:16 Stone Shaft Mining
29:55 Caravan
30:27 Coinage
30:02 Elite Leitis
31:33 Conscription
32:10 Plate Barding Armor
31:35 Light Cavalry
33:01 Crop Rotation
33:55 Two-Man Saw
33:55 Winged Hussar
35:35 Town Patrol
42:49 Squires
Ice_And_Fire
7:22 Feudal Age
7:44 Loom
11:46 Castle Age
10:34 Forging
10:19 Double-Bit Axe
10:16 Horse Collar
10:53 Gold Mining
12:34 Husbandry
12:41 Scale Barding Armor
13:12 Fletching
14:38 Forging
15:13 Heavy Plow
18:32 Town Watch
19:28 Bloodlines
21:06 Wheelbarrow
21:37 Fervor
23:05 Hand Cart
26:55 Imperial Age
24:51 Light Cavalry
28:15 Iron Casting
27:45 Heavy Camel Rider
28:29 Padded Archer Armor
30:40 Chemistry
30:29 Imperial Camel Rider
32:29 Grand Trunk Road
32:35 Stone Mining
34:18 Bodkin Arrow
34:58 Thumb Ring
36:45 Blast Furnace
36:07 Chain Barding Armor
37:05 Conscription
37:39 Hussar
40:04 Plate Barding Armor
39:47 Leather Archer Armor
42:55 Siege Engineers
45:33 Pikeman
46:13 Squires
45:58 Arson
47:19 Ballistics
helium2
8:24 Feudal Age
12:10 Castle Age
10:37 Double-Bit Axe
11:05 Horse Collar
14:16 Bow Saw
14:02 Loom
13:57 Crossbowman
15:18 Fletching
19:08 Bodkin Arrow
22:29 Wheelbarrow
21:41 Town Watch
22:33 Padded Archer Armor
23:12 Thumb Ring
25:57 Ballistics
25:49 Fortified Wall
25:50 Masonry
28:58 Leather Archer Armor
29:02 Gold Mining
29:03 Stone Mining
29:32 Hand Cart
30:02 Town Patrol
35:07 Imperial Age
34:01 Gold Shaft Mining
35:13 Forging
35:10 Scale Barding Armor
36:12 Conscription
36:30 Hoardings
35:32 Arbalester
36:19 Bracer
35:51 Arbalester
43:26 Ring Archer Armor
43:59 Chemistry
46:40 Coinage
Connection lost

Rejoining the realm…

Still unreachable

The connection could not be restored.

Session expired

The server has moved on; the page needs a fresh start.